 Dungeon Crawl Stone Soup version 0.22-a0-538-g76cc104 (webtiles) character file.

908 iamserjio the Poker (level 8, -3/87 HPs)
             Began as an Ogre Monk on June 23, 2018.
             Was a Priest of Ashenzari.
             Slain by a troll (12 damage)
             ... on level 5 of the Dungeon.
             The game lasted 00:22:51 (7153 turns).

iamserjio the Poker (Ogre Monk)                     Turns: 7153, Time: 00:22:52

Health: -3/87      AC:  3    Str: 16    XL:     8   Next: 8%
Magic:  17/17      EV: 17    Int: 12    God:    Ashenzari [***...]
Gold:   65         SH:  0    Dex: 17    Spells: 7/7 levels left

rFire    . . .     SeeInvis +   a - +0 spear (curse)
rCold    . . .     Gourm    .   (no shield)
rNeg     . . .     Faith    .   b - +0 robe
rPois    .         Spirit   .   (helmet restricted)
rElec    .         Reflect  .   (no cloak)
rCorr    .         Harm     .   (gloves unavailable)
MR       .....                  (boots unavailable)
Stlth    +++.......             (no amulet)
HPRegen  0.24/turn              p - ring of magical power
MPRegen  0.15/turn              (no ring)

@: agile
A: large, unfitting armour, tough skin 1
a: Curse Item, Scrying, Renounce Religion


You were on level 5 of the Dungeon.
You worshipped Ashenzari.
Ashenzari was most pleased with you.
You were hungry.

You visited 1 branch of the dungeon, and saw 5 of its levels.

You collected 255 gold pieces.
You spent 190 gold pieces at shops.

Inventory:

Hand Weapons
 a - a cursed +0 spear (weapon)
 t - a +2 spear of piercing
 B - a +0 trident
 G - the +9 hunting sling of Precise Incision {flame, +Fly Str+2 Dex+4}
   (You took it off a gnoll on level 5 of the Dungeon)

   It causes projectiles fired from it to burn those they strike, causing extra
   injury to most foes and up to half again as much damage against particularly
   susceptible opponents.
   It affects your strength (+2).
   It affects your dexterity (+4).
   It lets you fly.
 H - a +2 trident of venom
Missiles
 e - 142 stones
 k - 13 poisoned needles
 s - 2 needles of frenzy
 v - 15 tomahawks (quivered)
Armour
 b - a +0 robe (worn)
Jewellery
 l - an uncursed ring of fire
 p - a ring of magical power (left hand)
Wands
 w - a wand of flame (20)
Scrolls
 f - 2 scrolls of magic mapping
 j - 2 scrolls of teleportation
 m - a scroll of enchant weapon {unknown}
 n - a scroll of fog {unknown}
 q - 2 scrolls of fear
 u - a scroll of remove curse {@r2}
 y - a scroll of noise {unknown}
 A - a scroll of immolation {unknown}
 C - a scroll of summoning
 D - 2 scrolls of enchant armour
Potions
 d - a potion of degeneration
 g - 4 potions of curing {@q1}
 h - 3 potions of mutation
 i - a potion of might {unknown}
 o - a potion of haste {unknown}
 r - 3 potions of brilliance
 x - a potion of magic
 z - a potion of agility
Comestibles
 c - 13 rations


   Skills:
 + Level 7.2 Fighting
 * Level 7.3(10.2) Polearms
 + Level 4.3 Dodging
 - Level 1.4 Stealth


You had 7 spell levels left.
You didn't know any spells.
Your spell library was empty.

Dungeon Overview and Level Annotations

Branches:
Dungeon (5/15)
 Temple: D:4-7

Altars:
Ashenzari
Fedhas
Sif Muna
Trog
Zin
The Shining One

Shops:
D:4 ?


Innate Abilities, Weirdness & Mutations

You are too large for most types of armour.
You have tough skin. (AC +1)


Message History

You barely miss the troll.
The troll is heavily wounded.
The troll closely misses you. The troll barely misses you. The troll claws you.
You feel agile all of a sudden. The troll barely misses you.
The troll completely misses you. The troll closely misses you.
You hit the troll.
The troll is heavily wounded.
You hit the troll.
The troll is severely wounded.
The troll bites you! The troll claws you but does no damage.
The troll claws you!
* * * LOW HITPOINT WARNING * * *
Found a stone staircase leading down.
Found a stone staircase leading up.
There is a stone staircase leading up here.
The troll misses you. The troll claws you!
* * * LOW HITPOINT WARNING * * *
The troll claws you!
You die...

.# , , * , .##.####
* , * ..##.##.####,
#######' *
.....#.....#.,
....... ,*
.....##.<..., ......
, *
.......##.######...#
**
##...#.............#
##...#.............#
...............T@..#
###.............####
#..##>.....>..#
#.............#
##............#
##############


You could see a troll.

Vanquished Creatures
  3 ogres
  2 crimson imps (D:5)
  A hound (D:4)
  An orc priest (D:4)
  3 orc wizards
  Jessica (D:2)
  Natasha (twice) (D:2)
  2 worker ants (D:5)
  A hound zombie (D:5)
  A worker ant zombie (D:5)
  5 gnolls
  10 adders
  4 oozes
  6 worms
  3 leopard geckos
  16 orcs
  2 ball pythons
  8 giant cockroaches
  7 goblins
  6 hobgoblins
  10 jackals
  10 kobolds
  5 quokkas
  7 bats
  4 frilled lizards
  9 rats
129 creatures vanquished.

Notes
Turn   | Place    | Note
-------+----------+-------------------------------------------
     0 | D:1      | iamserjio the Ogre Monk began the quest for the Orb.
     0 | D:1      | Reached XP level 1. HP: 24/24 MP: 1/1
    33 | D:1      | Reached XP level 2. HP: 20/32 MP: 2/2
   317 | D:1      | Reached XP level 3. HP: 38/40 MP: 3/3
  1018 | D:2      | Noticed Natasha
  1154 | D:2      | Noticed Jessica
  1167 | D:2      | Killed Jessica
  1167 | D:2      | Reached skill level 5 in Fighting
  1167 | D:2      | Reached XP level 4. HP: 18/50 MP: 4/4
  1754 | D:2      | Reached XP level 5. HP: 57/57 MP: 5/5
  1849 | D:2      | Found a faded altar of an unknown god.
  1884 | D:2      | Became a worshipper of Ashenzari the Shackled
  1884 | D:2      | Reached * piety under Ashenzari
  1884 | D:2      | Reached ** piety under Ashenzari
  2123 | D:2      | Reached *** piety under Ashenzari
  2372 | D:2      | Killed Natasha
  2372 | D:2      | Reached skill level 5 in Polearms
  2543 | D:2      | Noticed Natasha
  2677 | D:2      | Killed Natasha
  3530 | D:3      | Reached XP level 6. HP: 60/67 MP: 6/6
  4122 | D:3      | Found a deep blue altar of Sif Muna.
  4759 | D:4      | Found a blossoming altar of Fedhas.
  4811 | D:4      | Found Coethos's Magic Scroll Emporium.
  4823 | D:4      | Bought a scroll of identify for 20 gold pieces
  4823 | D:4      | Bought a scroll of summoning for 95 gold pieces
  4823 | D:4      | Bought a scroll of enchant armour for 75 gold pieces
  5452 | D:4      | Found a glowing silver altar of Zin.
  5489 | D:4      | Reached XP level 7. HP: 76/76 MP: 7/7
  5594 | D:4      | Noticed a moth of wrath
  5597 | D:4      | Found a bloodstained altar of Trog.
  5918 | D:5      | Entered Level 5 of the Dungeon
  6331 | D:5      | Found a glowing golden altar of the Shining One.
  6378 | D:5      | Identified the +9 hunting sling of Precise Incision {flame, +Fly Str+2 Dex+4} (You took it off a gnoll on level 5 of the Dungeon)
  6739 | D:5      | Reached XP level 8. HP: 44/87 MP: 8/8
  6924 | D:5      | Noticed a troll
  7153 | D:5      | Slain by a troll

Vault maps used:
D:1:      mainiacjoe_arrival_reflecting_pool
D:2:      chequers_ecumenical_altar_simple_redux, uniq_natasha, uniq_jessica
D:3:      led_sif_pool, first_ration, minmay_strange_pillars,
          minmay_misc_feat_doors
D:4:      tgw_trog, minitemple, serial_shops, nicolae_shop_behind_doors
D:5:      kennysheep_mini, marbit_many_paths, grunt_decor_resistance,
          nicolae_ru_great_annihilating_truth

Skill      XL: |  1  2  3  4  5  6  7 |
---------------+----------------------+-----
Polearms       | 4 5 6 7 |  7.3
Fighting       | 5 6 7 |  7.2
Dodging        | 3 4 |  4.3
Stealth        | |  1.4

Action                   |  1- 3 |  4- 6 |  7- 9 || total
-------------------------+-------+-------+-------++-------
Melee: Spear             |   128 |   349 |   223 ||   700
Throw: Stone             |       |     2 |       ||     2
       Tomahawk          |       |       |     4 ||     4
Invok: Curse Item        |       |     1 |       ||     1
Evoke: Wand              |       |     4 |    20 ||    24
  Use: Potion            |       |     1 |     1 ||     2
       Scroll            |       |     5 |     3 ||     8
 Stab: Sleeping          |     3 |     5 |       ||     8
  Eat: Chunk             |       |    10 |     6 ||    16
       Ration            |       |     1 |       ||     1
Armor: Robe              |    19 |    31 |    16 ||    66
Dodge: Dodged            |    54 |    97 |    55 ||   206

Table legend:
 A = Spawn XP
 B = Non-spawn XP
 C = Spawn XP percentage of total XP
 D = Spawn monster count
 E = Non-spawn monster count
 F = Spawn count percentage of total count
 G = Total turns spent on level
                    A         B        C        D         E        F      G
               +---------+---------+-------+---------+---------+-------+---------
         Total |       0 |    1298 |   0.0 |       0 |     129 |   0.0 |  7153
               +---------+---------+-------+---------+---------+-------+---------
           D:1 |       0 |      70 |   0.0 |       0 |      26 |   0.0 |   927
           D:2 |       0 |     179 |   0.0 |       0 |      26 |   0.0 |  2182
           D:3 |       0 |     119 |   0.0 |       0 |      30 |   0.0 |  1532
           D:4 |       0 |     313 |   0.0 |       0 |      21 |   0.0 |  1462
           D:5 |       0 |     617 |   0.0 |       0 |      26 |   0.0 |  1050
               +---------+---------+-------+---------+---------+-------+---------
